 Dungeon Crawl Stone Soup version 0.30-a0-696-g2367cd04db (webtiles) character file.

Game seed: 12822250546541571451

39 Newt the Sneak (level 3, 27/27 HPs)
             Began as a Demonspawn Gladiator on Jan 20, 2023.
             Was a Follower of Nemelex Xobeh.
             Quit the game on level 2 of the Dungeon.
             The game lasted 00:01:47 (806 turns).

Newt the Sneak (Demonspawn Gladiator)                Turns: 806, Time: 00:01:48

Health: 27/27      AC:  4    Str: 16    XL:     3   Next: 28%
Magic:  3/3        EV: 12    Int:  9    God:    Nemelex Xobeh [*.....]
Gold:   112        SH:  0    Dex: 14    Spells: 2/2 levels left

rFire   . . .      SeeInvis .    h - +0 whip (drain)
rCold   . . .      Faith    .    (no shield)
rNeg    . . .      Spirit   .    b - +1 leather armour
rPois   .          Reflect  .    (helmet restricted)
rElec   .          Harm     .    (no cloak)
rCorr   .          Rampage  .    (no gloves)
Will    .....                    (no boots)
Stlth   ++                       (no amulet)
HPRegen 0.24/turn                (no ring)
MPRegen 0.08/turn                (no ring)

@: no status effects
A: horns 2
a: Renounce Religion, Draw Escape, Draw Destruction, Draw Summoning


You were on level 2 of the Dungeon.
You worshipped Nemelex Xobeh.
Nemelex Xobeh was aware of your devotion.
You visited 1 branch of the dungeon, and saw 2 of its levels.

You collected 112 gold pieces.

Inventory:

Hand Weapons
 a - a +0 heavy rapier
 h - a +0 whip of draining (weapon)
Missiles
 d - 3 throwing nets (quivered)
 e - a javelin
Armour
 b - a +1 leather armour (worn)
 c - a +0 helmet
Scrolls
 i - a scroll of noise
Potions
 f - a potion of attraction {unknown}
 g - a potion of resistance {unknown}
 j - a potion of cancellation {unknown}


   Skills:
 + Level 2.0 Fighting
 - Level 2.6 Short Blades
 - Level 1.7 Throwing
 - Level 2.6 Dodging
 - Level 3.0 Stealth


You had 2 spell levels left.
You didn't know any spells.
Your spell library was empty.

Dungeon Overview and Level Annotations

Branches:
Dungeon (2/15)

Altars:
Nemelex Xobeh
Ru


Innate Abilities, Weirdness & Mutations

You have a pair of horns on your head.


Message History

You now have 94 gold pieces (gained 14).
Found a sacrificial altar of Ru.
You now have 112 gold pieces (gained 18).
Found an escape hatch in the ceiling.
Found 2 datura-tipped darts.
j - a fizzy emerald potion No target in view!
No target in view!
No target in view!
No target in view!
No target in view!
No target in view!
No target in view!
No target in view!
No target in view!
Found an escape hatch in the floor.
There is an escape hatch in the floor here.
Found a ring mail.
A dart slug comes into view.
Found a book of Necromancy.
A dart slug is nearby!
A dart slug is nearby!
Found 12 gold pieces.
You hit the dart slug. You drain the dart slug.
The dart slug is moderately wounded.
You hit the dart slug. You drain the dart slug.
You kill the dart slug!
Training target 3.0 for Stealth reached!
Your Stealth skill increases to level 3!
You need to enable at least one skill for training.
Unknown command.
Unknown command.
Saving game... please wait.
Welcome back, Newt the Demonspawn Gladiator.
Nemelex Xobeh says: It's all in the cards!
Press ? for a list of commands and other information.
A gnoll and a ball python come into view.
Found a club.
The ball python hisses angrily.
The gnoll shouts!
You hear a shout!
Are you sure you want to abandon this character and quit the game? (Confirm with "yes".)

#># ###.# #...#
#.### #.# #.#
######.#####
##..........#
#....@.........
#..............#
.................
##:..[..........#
.................
##.##.....##.##..
#.# ##g#S## #$#
.. .# #. .)


You could see a gnoll and a ball python.

Vanquished Creatures
  An adder (D:2)
  A dart slug (D:2)
  3 endoplasms (D:1)
  A giant cockroach (D:2)
  3 goblins (D:1)
  A hobgoblin (D:1)
  3 jackals (D:1)
  A quokka (D:1)
  5 ball pythons (D:1)
  2 bats (D:1)
  4 kobolds
25 creatures vanquished.

Notes
Turn   | Place    | Note
-------+----------+-------------------------------------------
     0 | D:1      | Newt the Demonspawn Gladiator began the quest for the Orb.
     0 | D:1      | Reached XP level 1. HP: 16/16 MP: 1/1
    42 | D:1      | Reached skill level 1 in Stealth
   159 | D:1      | Gained mutation: You have a pair of small horns on your
                  | head. [demonic ancestry]
   159 | D:1      | Reached XP level 2. HP: 22/22 MP: 2/2
   356 | D:1      | Reached skill level 2 in Stealth
   649 | D:2      | Found a faded altar of an unknown god.
   713 | D:2      | Prayed at the altar of an unknown god.
   713 | D:2      | Became a worshipper of Nemelex Xobeh the Trickster
   713 | D:2      | Reached * piety under Nemelex Xobeh
   747 | D:2      | Gained mutation: You have a pair of horns on your head.
                  | [demonic ancestry]
   747 | D:2      | Reached XP level 3. HP: 27/27 MP: 3/3
   764 | D:2      | Found a sacrificial altar of Ru.
   805 | D:2      | Reached skill level 3 in Stealth
   806 | D:2      | Quit the game

Illustrated notes

Levels and vault maps discovered:
D:1:      evilmike_arrival_crescent, layout_basic
D:2:      cheibrodos_pilgrimage, layout_rooms, nicolae_ecumenical_pavilion,
          basic_altar, hangedman_decor_opposing, minmay_ruptured

Skill      XL: |  1  2  3 |
---------------+----------+-----
Stealth        | 1 2 3 |  3.0
Fighting       | |  2.0
Short Blades   | |  2.6
Throwing       | |  1.7
Dodging        | |  2.6

Action                   || total
-------------------------++-------
Melee: Rapier            ||    55
       Headbutt          ||     2
       Whip              ||     2
  Use: Scroll            ||     4
 Stab: Sleeping          ||     2
Armor: Leather armour    ||    24
Dodge: Dodged            ||    34

Table legend: (Time is in decaauts)
 A = Elapsed time spent in this place.
 B = Non-inter-level travel time spent in this place.
 C = Inter-level travel time spent in this place.
 D = Time resting spent in this place.
 E = Time spent auto-exploring this place.
 F = Levels seen in this place.
 G = Mean time per level.
                   A        B        C        D        E       F      G
               +--------+--------+--------+--------+--------+-----+--------+
         Total |    813 |    795 |     18 |      0 |    630 |   2 |  406.5 |
       Dungeon |    813 |    795 |     18 |      0 |    630 |   2 |  406.5 |
               +--------+--------+--------+--------+--------+-----+--------+

Top non-repeatable levels by time:
     D:1: 653 daAuts
     D:2: 159 daAuts
